 Dungeon Crawl Stone Soup version 0.22.1-7-g5c428e7 (webtiles) character file.

28829 Whizz the Severer (level 13, -2/114 HPs)
             Began as a Hill Orc Fighter on Feb 15, 2019.
             Was a High Priest of Makhleb.
             Slain by a harpy (18 damage)
             ... summoned by Kirke
             ... on level 12 of the Dungeon.
             The game lasted 00:31:03 (12476 turns).

Whizz the Severer (Hill Orc Fighter)               Turns: 12476, Time: 00:31:03

Health: -2/114     AC:  0    Str: 24    XL:     13   Next: 41%
Magic:  18/18      EV: 28    Int:  8    God:    Makhleb [*****.]
Gold:   234        SH:  0    Dex: 10    Spells: 12/12 levels left

rFire    . . .     SeeInvis .   (weapon currently unavailable)
rCold    . . .     Gourm    .   (shield currently unavailable)
rNeg     . . .     Faith    .   (armour currently unavailable)
rPois    .         Spirit   .   (helmet currently unavailable)
rElec    .         Reflect  .   (cloak currently unavailable)
rCorr    .         Harm     .   (gloves currently unavailable)
MR       .....                  (boots currently unavailable)
Stlth    +.........             N - amulet of the acrobat
HPRegen  0.29/turn              (ring currently unavailable)
MPRegen  0.16/turn              (ring currently unavailable)

@: pig-form, very quick
A: small
a: Minor Destruction, Lesser Servant of Makhleb, Major Destruction, Greater
Servant of Makhleb, Renounce Religion


You were on level 12 of the Dungeon.
You worshipped Makhleb.
Makhleb was extremely pleased with you.
You were hungry.
You were a filthy swine.
You visited 2 branches of the dungeon, and saw 14 of its levels.
You visited 1 bazaar.
You also visited: Ossuary.

You collected 923 gold pieces.
You spent 689 gold pieces at shops.

Inventory:

Hand Weapons
 a - a +1 war axe of electrocution (melded)
 v - the +3 flail "Ulaen" {elec, rF+}
   (You found it on level 4 of the Dungeon)

   Occasionally, upon striking a foe, it will discharge some electrical energy
   and cause terrible harm.
   It protects you from fire.
 H - a +1 scimitar of flaming
Armour
 b - a +0 scale mail
 c - a +0 shield (melded)
 g - a +1 cloak (melded)
 l - a +2 pair of boots of running (melded)
 z - a +0 chain mail (melded)
 K - the +2 hat of the Monkey (melded) {SInv}
   (You bought it in a shop in a bazaar)

   It lets you see invisible.
Jewellery
 s - a +2 ring of evasion
 u - a +3 ring of slaying (melded)
 B - an uncursed ring of flight
 I - a +4 ring of protection (melded)
 J - an uncursed amulet of harm {unknown}
 N - an amulet of the acrobat (around neck)
Wands
 t - a wand of enslavement (29)
 A - a wand of acid (6)
 F - a wand of digging (13)
 G - a wand of random effects (10)
 L - a wand of clouds (7)
 M - a wand of polymorph (17)
Scrolls
 h - 5 scrolls of teleportation
 i - 3 scrolls of amnesia
 o - 2 scrolls of remove curse
 q - 3 scrolls of identify
 y - 3 scrolls of fog
 E - a scroll of fear
Potions
 d - 2 potions of lignification {unknown}
 e - a potion of ambrosia {unknown}
 j - 4 potions of curing
 k - 3 potions of agility
 m - a potion of heal wounds
 p - 4 potions of flight
 r - 2 potions of magic
 w - a potion of invisibility
 x - 4 potions of mutation
 C - a potion of brilliance {unknown}
Comestibles
 f - 28 rations


   Skills:
 + Level 10.7 Fighting
 + Level 17.2 Axes
 + Level 10.1 Armour
 * Level 12.9 Shields
 * Level 6.8 Invocations


You had 12 spell levels left.
You didn't know any spells.
Your spell library contained the following spells:

 Spells                   Type           Power        Failure   Level  Hunger
 Magic Dart               Conj           #...         41%         1    ##.....
 Shock                    Conj/Air       #...         41%         1    ##.....
 Searing Ray              Conj           #.....       54%         2    ###....
 Swiftness                Chrm/Air       #.......     54%         2    ###....
 Dazzling Spray           Conj/Hex       #.....       78%         3    ####...
 Static Discharge         Conj/Air       #.......     78%         3    ####...
 Airstrike                Air            #.........   99%         4    #####..
 Force Lance              Conj/Tloc      #.......     99%         4    #####..
 Fulminant Prism          Conj/Hex       #.........   99%         4    #####..
 Iskenderun's Mystic Bla  Conj           #.......     99%         4    #####..
 Lightning Bolt           Conj/Air       #.........   100%        5    ######.


Dungeon Overview and Level Annotations

Branches:
Dungeon (13/15)            Temple (1/1) D:4            Lair (0/6) D:11
    Orc (0/2) D:10
 Vaults: D:13-14

Altars:
Ashenzari
Cheibriados
Dithmenos
Elyvilon
Fedhas
Gozag
Hepliaklqana
Kikubaaqudgha
Makhleb
Nemelex Xobeh
Okawaru
Qazlal
Ru
Sif Muna
Trog
Uskayaw
Vehumet
Wu Jian
Xom
Yredelemnul
Zin
The Shining One

Shops:
D:7 (   D:10 (   D:11 (%*

Annotations:
D:3 2 transporters, dengdeng's ghost, amateur MiBe
D:8 exclusion: downstairs
D:10 exclusion: downstairs
D:12 2 transporters, Kirke; Terandir's ghost, journeyman MiFi


Message History

The harpy claws you! x2
* * * LOW HITPOINT WARNING * * *
The harpy screeches!
The harpy completely misses you. x2; The harpy claws you!
* * * LOW HITPOINT WARNING * * *
The harpy claws you!
* * * LOW HITPOINT WARNING * * *
You feel much better.
The harpy screeches!
The harpy claws you.
* * * LOW HITPOINT WARNING * * *
The harpy claws you.
* * * LOW HITPOINT WARNING * * *
The harpy claws you!
* * * LOW HITPOINT WARNING * * *
The harpy misses you.
The harpy screeches!
There is an open door here.
The harpy claws you!!
You die...

#..H# ##.. ##'#######
#..# #........# #.##
#........#########.#.
#..................#.
#........#########.#.
#...H....# #.#.
####H##### #.#. #h#
#.#. #.# #.#. #.#
#.## #.# #..# #.#
###.. ####'######
#....
#.........#######....
#...>....[†.....#....
#.........#####......


You could see 2 harpies.

Vanquished Creatures
  Gastronok (D:9)
  Josephine (D:12)
  3 hydras
  Erica (D:9)
  A centaur warrior (D:11)
  7 two-headed ogres
  3 death yaks (D:11)
  Pikel (D:7)
  3 ugly things
  2 slime creatures (D:12)
  A manticore (D:12)
  Maurice (D:10)
  A gargoyle (D:11)
  5 yaktaurs (D:12)
  2 polar bears (D:11)
  4 trolls
  A hornet (D:9)
  Grinder (D:4)
  Prince Ribbit (D:7)
  A hippogriff (D:8)
  2 dream sheep (D:11)
  Sigmund (D:5)
  7 yaks
  5 wraiths
  4 hogs (D:13)
  A wyvern (D:11)
  2 vampire mosquitoes (D:12)
  Grum (D:10)
  A hungry ghost (D:11)
  A water moccasin (D:6)
  2 porcupines (D:11)
  A sky beast (D:9)
  2 orc warriors (D:10)
  4 ice beasts
  2 phantoms
  3 necrophages
  3 wolves (D:10)
  5 centaurs
  An ogre (D:8)
  2 crocodiles
  5 big kobolds
  6 bullfrogs
  5 scorpions
  20 killer bees
  2 electric eels (D:11)
  8 wights
  3 howler monkeys (D:7)
  A crimson imp (D:7)
  A centaur zombie (D:8)
  3 orc priests
  A quasit (D:11)
  A bullfrog skeleton (D:11)
  6 jellies
  6 hounds
  7 orc wizards
  2 centaur skeletons
  3 iguanas
  7 worker ants
  A killer bee zombie (D:8)
  A big kobold zombie (Ossuary)
  9 mummies
  A hound skeleton (D:8)
  A howler monkey zombie (D:8)
  17 adders
  4 gnolls (D:2)
  A river rat (D:11)
  3 shadow imps
  2 oozes
  An adder zombie (D:6)
  3 adder skeletons
  2 worms
  2 dart slugs
  8 leopard geckos
  32 orcs
  5 giant cockroaches
  9 goblins
  7 hobgoblins
  18 jackals
  12 quokkas
  5 bats
  8 frilled lizards
  3 gnoll zombies (Ossuary)
  3 hobgoblin zombies
  A jackal skeleton (D:6)
  18 kobolds
  2 kobold zombies (Ossuary)
  A leopard gecko zombie (D:8)
  An orc zombie (D:8)
  16 rats
375 creatures vanquished.

Vanquished Creatures (collateral kills)
  A hydra (D:10)
1 creature vanquished.

Vanquished Creatures (others)
  A jelly (D:7)
  A kobold (D:1)
2 creatures vanquished.

Grand Total: 378 creatures vanquished

Notes
Turn   | Place    | Note
-------+----------+-------------------------------------------
     0 | D:1      | Whizz the Hill Orc Fighter began the quest for the Orb.
     0 | D:1      | Reached XP level 1. HP: 19/19 MP: 1/1
    91 | D:1      | Reached skill level 3 in Axes
   137 | D:1      | Reached XP level 2. HP: 21/26 MP: 2/2
   144 | D:1      | Reached skill level 4 in Axes
   602 | D:2      | Reached XP level 3. HP: 29/31 MP: 3/3
   764 | D:2      | Reached skill level 5 in Axes
  1256 | D:2      | Reached XP level 4. HP: 25/39 MP: 4/4
  1369 | D:2      | Reached skill level 6 in Axes
  1971 | D:2      | Reached XP level 5. HP: 45/45 MP: 5/5
  2266 | D:3      | Reached skill level 7 in Axes
  2453 | D:3      | Found a transporter.
  2499 | D:3      | Found a transporter.
  2502 | D:3      | Noticed dengdeng's ghost (amateur MiBe)
  2588 | D:3      | Found a hazy altar of Hepliaklqana.
  2780 | D:3      | Identified a +2 pair of boots of running (You found it on
                  | level 3 of the Dungeon)
  3029 | D:3      | You fall through a shaft for 2 floors!
  3029 | D:5      | Entered Level 5 of the Dungeon
  3116 | D:4      | Reached skill level 8 in Axes
  3116 | D:4      | Reached XP level 6. HP: 43/51 MP: 6/6
  3117 | D:4      | Found a bloodstained altar of Trog.
  3238 | D:4      | Found a sparkling altar of Nemelex Xobeh.
  3353 | D:4      | Got a warped flail
  3354 | D:4      | Identified the +3 flail "Ulaen" {elec, rF+} (You found it
                  | on level 4 of the Dungeon)
  3492 | D:4      | Noticed Grinder
  3503 | D:4      | Paralysed by Grinder for 2 turns
  3509 | D:4      | Killed Grinder
  3509 | D:4      | Reached skill level 10 in Axes
  3509 | D:4      | Reached XP level 7. HP: 24/57 MP: 7/7
  3717 | D:4      | Found a staircase to the Ecumenical Temple.
  3730 | Temple   | Entered the Ecumenical Temple
  4158 | D:5      | Noticed Sigmund
  4174 | D:5      | Killed Sigmund
  4510 | D:5      | Found a white marble altar of Elyvilon.
  4513 | D:5      | Found a deep blue altar of Sif Muna.
  4523 | D:5      | Found a burning altar of Makhleb.
  4523 | D:5      | Found an ancient bone altar of Kikubaaqudgha.
  4539 | D:5      | Became a worshipper of Makhleb the Destroyer
  4578 | D:5      | Found a shattered altar of Ashenzari.
  4743 | D:5      | Reached skill level 11 in Axes
  4743 | D:5      | Reached XP level 8. HP: 48/66 MP: 8/8
  5404 | D:6      | Reached * piety under Makhleb
  5566 | D:7      | Reached skill level 5 in Fighting
  5566 | D:7      | Reached skill level 12 in Axes
  5566 | D:7      | Reached skill level 5 in Shields
  5668 | D:7      | Reached skill level 5 in Armour
  5668 | D:7      | Reached XP level 9. HP: 73/74 MP: 9/9
  5716 | D:7      | Found Isyecwa's Antique Weapon Boutique.
  5739 | D:7      | Noticed Pikel
  5750 | D:7      | Killed Pikel
  5838 | D:7      | Noticed Prince Ribbit
  5868 | D:7      | Killed Prince Ribbit
  5868 | D:7      | Reached skill level 13 in Axes
  6455 | D:8      | Reached ** piety under Makhleb
  6513 | D:8      | Found a sand-covered staircase.
  6522 | Ossuary  | Entered an ossuary
  6756 | D:8      | Reached XP level 10. HP: 84/84 MP: 10/10
  6782 | D:8      | Found an iron altar of Okawaru.
  6840 | D:8      | Reached skill level 14 in Axes
  6952 | D:8      | Found a glowing silver altar of Zin.
  6965 | D:8      | Found a shimmering altar of Xom.
  7151 | D:9      | Paralysed by a hornet for 3 turns
  7166 | D:9      | Noticed Gastronok
  7302 | D:9      | Reached *** piety under Makhleb
  7444 | D:9      | Killed Gastronok
  7444 | D:9      | Reached skill level 15 in Axes
  7488 | D:9      | Noticed a two-headed ogre
  7537 | D:9      | Killed a two-headed ogre
  7766 | D:9      | Reached XP level 11. HP: 91/92 MP: 11/11
  7778 | D:9      | Noticed a two-headed ogre
  7810 | D:9      | Killed a two-headed ogre
  7937 | D:9      | Noticed a two-headed ogre
  7946 | D:9      | Killed a two-headed ogre
  8168 | D:9      | Noticed Erica
  8677 | D:9      | Killed Erica
  8677 | D:9      | Reached **** piety under Makhleb
  8677 | D:9      | Reached skill level 16 in Axes
  8983 | D:10     | Entered Level 10 of the Dungeon
  9042 | D:10     | Noticed Maurice
  9049 | D:10     | Killed Maurice
  9198 | D:10     | Noticed Grum
  9200 | D:10     | Found a staircase to the Orcish Mines.
  9286 | D:10     | Killed Grum
  9414 | D:10     | Found Kaihyo's Weapon Emporium.
  9637 | D:10     | Noticed a two-headed ogre
  9643 | D:10     | Killed a two-headed ogre
  9643 | D:10     | Reached skill level 10 in Shields
  9926 | D:11     | Noticed a purple ugly thing
  9926 | D:11     | Noticed a red ugly thing
  9937 | D:11     | Killed a red ugly thing
  9937 | D:11     | Reached skill level 1 in Invocations
  9943 | D:11     | Killed a red ugly thing
  9963 | D:11     | Noticed a death yak
  9963 | D:11     | Noticed a death yak
 10037 | D:11     | Reached XP level 12. HP: 100/104 MP: 13/13
 10059 | D:11     | Noticed a death yak
 10080 | D:11     | Killed a death yak
 10082 | D:11     | Killed a death yak
 10088 | D:11     | Killed a death yak
 10088 | D:11     | Reached ***** piety under Makhleb
 10133 | D:11     | Found a bloodstained altar of Trog.
 10134 | D:11     | Noticed a centaur warrior
 10143 | D:11     | Killed a centaur warrior
 10208 | D:11     | Found Bikoatyo's Antique Weapon Emporium.
 10223 | D:11     | Noticed a two-headed ogre
 10230 | D:11     | Killed a two-headed ogre
 10301 | D:11     | Noticed an eight-headed hydra
 10320 | D:10     | Killed a seven-headed hydra
 10430 | D:11     | Found a staircase to the Lair.
 10614 | D:11     | Noticed a two-headed hydra
 10619 | D:11     | Killed a one-headed hydra
 10639 | D:11     | Found Mili's Food Shop.
 10779 | D:11     | Found Vaonethu's General Store.
 10959 | D:11     | Found a flickering gateway to a bazaar.
 10971 | Bazaar   | Entered a bazaar
 10971 | Bazaar   | Found Rastroxt's Armour Shop.
 10974 | Bazaar   | Found Uvael's Gadget Emporium.
 10981 | Bazaar   | Found Det Safisk's Antique Armour Shop.
 10988 | Bazaar   | Found Tiq Iguf's Food Shop.
 11013 | Bazaar   | Found Vegeogu's Distillery.
 11021 | Bazaar   | Bought a potion of heal wounds for 55 gold pieces
 11021 | Bazaar   | Bought a potion of heal wounds for 55 gold pieces
 11021 | Bazaar   | Bought 2 potions of mutation for 176 gold pieces
 11047 | Bazaar   | Bought the +2 hat of the Monkey {SInv} for 403 gold pieces
 11145 | D:12     | Reached skill level 5 in Invocations
 11358 | D:12     | Reached skill level 10 in Fighting
 11403 | D:12     | Noticed Josephine
 11419 | D:12     | Killed Josephine
 11419 | D:12     | Reached XP level 13. HP: 113/113 MP: 17/17
 11429 | D:12     | Reached skill level 17 in Axes
 11975 | D:12     | Reached skill level 10 in Armour
 11986 | D:12     | Found a transporter.
 11988 | D:12     | Found a transporter.
 11988 | D:12     | Noticed Terandir's ghost (journeyman MiFi)
 11989 | D:12     | Noticed an ettin
 12444 | D:13     | Noticed Kirke
 12476 | D:12     | Slain by a harpy

Skill      XL: |  1  2  3  4  5  6  7  8  9 10 11 12 13 |
---------------+----------------------------------------+-----
Axes           | 3 4 5 6 8 10 11 12 13 15 16 17 | 17.2
Fighting       | 4 5 6 7 9 10 | 10.7
Armour         | 5 7 8 9 10 | 10.1
Shields        | 5 6 8 10 12 | 12.9
Invocations    | 1 5 6 |  6.8

Action                   |  1- 3 |  4- 6 |  7- 9 | 10-12 | 13-15 || total
-------------------------+-------+-------+-------+-------+-------++-------
Melee: War axe           |   115 |   149 |   296 |   568 |   108 ||  1236
       Scimitar          |       |       |       |    13 |    15 ||    28
       Flail             |       |       |       |     2 |    11 ||    13
       Unarmed           |       |       |       |       |     2 ||     2
Invok: Lesser Servant of |       |       |       |     1 |       ||     1
Evoke: Wand              |       |     1 |       |     5 |       ||     6
  Use: Potion            |       |     1 |     1 |     3 |     1 ||     6
       Scroll            |       |       |    13 |     8 |     1 ||    22
 Stab: Distracted        |       |       |       |     1 |       ||     1
  Eat: Chunk             |     1 |     7 |    10 |    11 |     4 ||    33
       Ration            |       |       |       |     1 |       ||     1
Armor: Scale mail        |    56 |    54 |    11 |       |       ||   121
       Chain mail        |       |       |    79 |   203 |    67 ||   349
       Skin              |       |       |       |       |     1 ||     1
Dodge: Dodged            |    51 |    34 |    66 |   136 |    82 ||   369
Block: Shield            |    75 |    56 |   103 |   268 |    76 ||   578
       Rpst.: Scimitar   |       |       |       |     1 |     1 ||     2
